 Dungeon Crawl Stone Soup version 0.15.0-16-gce31824 (console) character file.

261 jw the Twirler (level 5, -6/45 HPs)
             Began as a Draconian Gladiator on Sept 6, 2014.
             Mangled by Menkaure (19 damage)
             ... on Level 4 of the Dungeon.
             The game lasted 00:01:15 (2602 turns).

jw the Twirler (Draconian Gladiator)                Turns: 2602, Time: 00:01:15

HP  -6/45        AC  6     Str 17      XL: 5   Next: 96%
MP   5/5         EV 13     Int  9      God:
Gold 0           SH  0     Dex 12      Spells:  0 memorised,  4 levels left

rFire  . . .     SeeInvis .     a - +0 quarterstaff
rCold  . . .     Clarity  .     (armour unavailable)
rNeg   . . .     rCorr    .     (no shield)
rPois  .         rRot     .     c - +0 hat
rElec  .         Spirit   .     (no cloak)
SustAb .         Warding  .     j - +0 pair of gloves (curse)
rMut   .         Stasis   .     (no boots)
Gourm  .                        l - amulet of faith
MR     .....                    (no ring)
                                (no ring)

@: not resistant to hostile enchantments, very unstealthy
A: unfitting armour, cold-blooded, AC +5
a: no special abilities


You were on level 4 of the Dungeon.
You were not hungry.

You visited 1 branch of the dungeon, and saw 4 of its levels.

Inventory:

Hand weapons
 a - a +0 quarterstaff (weapon)
Missiles
 d - 3 throwing nets
 k - 6 steel tomahawks (quivered)
 m - 97 stones
Armour
 c - a +0 hat (worn)
 j - a cursed +0 pair of gloves (worn)
Comestibles
 f - 3 bread rations
 g - 3 slices of pizza
 n - a meat ration
Scrolls
 e - a scroll of recharging
 h - 2 scrolls of identify
Jewellery
 l - an amulet of faith (around neck)
Potions
 i - 2 potions of curing


   Skills:
 + Level 3.5 Fighting
 * Level 4.7 Staves
 + Level 2.8 Throwing
 + Level 3.8 Dodging


You had 4 spell levels left.
You didn't know any spells.

Dungeon Overview and Level Annotations

Branches:
Dungeon (4/15)
 Temple: D:4-7

Altars:

Annotations:
D:4 Menkaure


Innate Abilities, Weirdness & Mutations

Your plain brown scales are hard (AC +5).
Your body does not fit into most forms of armour.
Your cold-blooded metabolism reacts poorly to cold.


Message History

ATTACK MOVE TO (0,-1) Menkaure hits you!!
You see here an adder corpse.
ATTACK MOVE TO (0,-1)
You thump Menkaure!
Menkaure is heavily damaged.
Menkaure mumbles some strange words.
Menkaure seems to speed up.
ATTACK MOVE TO (0,-1)
You barely miss Menkaure.
Menkaure is heavily damaged.
Menkaure gestures at you while chanting.
Pain shoots through your body!
ATTACK MOVE TO (0,-1)
You hit Menkaure.
Menkaure is severely damaged.
Menkaure's bandages flutter.
Menkaure calls on the powers of darkness!
Your body is wracked with pain!
Menkaure hits you!!
You die...

#.. #..... #......
........ #........
.........
#........
#.#######M.)...?..
#......<#d#......
...........((....#
########..##..###
##.# ## ... ....
..... .......
..... .


You could see Menkaure.

Table legend:
 A = Turns spent in this place as a percentage of turns spent in the entire game.
 B = Non-inter-level travel turns spent in this place as a percentage of non-inter-level travel turns spent in the entire game.
 C = Inter-level travel turns spent in this place as a percentage of turns spent in this place.
 D = Turns resting spent in this place as a percentage of non-inter-level travel turns spent in this place.
 E = Turns spent auto-exploring this place as a percentage of non-inter-level travel turns spent in this place.
 F = Non-inter-level travel turns spent in this place divided by the number of levels of this place that you've seen.
                   A       B       C       D       E      F
               +-------+-------+-------+-------+-------+----------------------
         Total | 100.0 | 100.0 |   1.6 |   4.7 |  19.7 | 153.8
       Dungeon | 100.0 | 100.0 |   1.6 |   4.7 |  19.7 | 153.8
               +-------+-------+-------+-------+-------+----------------------

Table legend:
 A = Kills in this place as a percentage of kills in entire the game.
 B = Kills by you in this place as a percentage of kills by you in the entire game.
 C = Kills by friends in this place as a percentage of kills by friends in the entire game.
 D = Other kills in this place as a percentage of other kills in the entire game.
 E = Experience gained in this place as a percentage of experience gained in the entire game.
 F = Experience gained in this place divided by the number of levels of this place that you have seen.
                   A       B       C       D       E      F
               +-------+-------+-------+-------+-------+----------------------
         Total | 100.0 | 100.0 |  -nan |  -nan | 100.0 |  93.2
       Dungeon | 100.0 | 100.0 |  -nan |  -nan | 100.0 |  93.2
               +-------+-------+-------+-------+-------+----------------------

Vanquished Creatures
  The ghost of gw the Twirler, an average DrGl (D:3)
  A scorpion (D:3)
  6 adders
  2 worms (D:2)
  3 giant geckos
  3 orcs (D:3)
  7 giant cockroaches
  8 goblins
  6 hobgoblins
  6 kobolds
  2 quokkas
  7 bats
  3 giant newts
  8 rats
63 creatures vanquished.

Notes
Turn   | Place    | Note
--------------------------------------------------------------
     0 | D:1      | jw, the Draconian Gladiator, began the quest for the Orb.
     0 | D:1      | Reached XP level 1. HP: 17/17 MP: 1/1
   202 | D:1      | Reached XP level 2. HP: 21/24 MP: 2/2
   672 | D:2      | Reached XP level 3. HP: 14/30 MP: 3/3
  1526 | D:2      | Reached XP level 4. HP: 35/37 MP: 4/4
  1548 | D:2      | Reached skill level 4 in Staves
  1946 | D:3      | Reached XP level 5. HP: 43/45 MP: 5/5
  2175 | D:3      | Noticed gw's ghost (average DrGl)
  2200 | D:3      | Killed gw's ghost
  2592 | D:4      | Noticed Menkaure
  2602 | D:4      | Mangled by Menkaure

Action                   |  1- 3 |  4- 6 || total
-------------------------+-------+-------++-------
Melee: Quarterstaff      |    60 |    39 ||    99
Throw: Tomahawk          |    48 |    36 ||    84
       Stone             |       |     2 ||     2
  Use: Scroll            |     6 |     3 ||     9
       Potion            |     3 |     2 ||     5
 Stab: Invisible         |     1 |       ||     1
  Eat: Chunk             |     2 |     3 ||     5

Vault maps used:
D:1:      mrwooster_arrival_statue_3
D:2:      dk_noncrumbling_3
D:4:      serial_park_square1, uniq_blork_the_orc, uniq_menkaure, uniq_duvessa
